 Dungeon Crawl Stone Soup version 0.27-a0-1105-g946c659c87 (webtiles) character file.

Game seed: 10516933125756702802

2412 derath95 the Thaumaturge (level 9, -8/47 HPs)
             Began as a Deep Elf Conjurer on Apr 29, 2021.
             Was an Initiate of Sif Muna.
             Shot with an arrow by a centaur (16 damage)
             ... on level 6 of the Dungeon.
             The game lasted 00:41:54 (6955 turns).

derath95 the Thaumaturge (Deep Elf Conjurer)        Turns: 6955, Time: 00:41:56

Health: -8/47      AC:  8    Str:  4    XL:     9   Next: 23%
Magic:  6/24       EV: 13    Int: 27    God:    Sif Muna [......]
Gold:   300        SH:  0    Dex: 13    Spells: 2/27 levels left

rFire    . . .     SeeInvis .   m - staff of conjuration
rCold    . . .     Faith    .   (no shield)
rNeg     + . .     Spirit   .   z - +2 robe {Will+}
rPois    .         Reflect  .   (no helmet)
rElec    .         Harm     .   (no cloak)
rCorr    .         Rampage  .   (no gloves)
Will     +....                  (no boots)
Stlth    +++.......             (no amulet)
HPRegen  0.15/turn              h - ring of positive energy
MPRegen  0.19/turn              w - +4 ring of protection

@: no status effects
A: no striking features
a: Renounce Religion


You were on level 6 of the Dungeon.
You worshipped Sif Muna.
Sif Muna was noncommittal.
You visited 2 branches of the dungeon, and saw 7 of its levels.

You collected 300 gold pieces.

Inventory:

Hand Weapons
 r - a +1 long sword of venom
Missiles
 s - a curare-tipped dart
 y - 7 atropa-tipped darts
Armour
 a - a +1 robe
 z - a +2 robe of willpower (worn)
Magical Staves
 m - a staff of conjuration (weapon)
Jewellery
 h - a ring of positive energy (left hand)
 w - a +4 ring of protection (right hand)
Wands
 g - a wand of charming (21)
 i - a wand of paralysis (7)
 j - a wand of flame (23)
Scrolls
 b - 2 scrolls of identify
 c - a scroll of silence {unknown}
 d - a scroll of magic mapping
 e - 2 scrolls of teleportation {unknown}
 f - a scroll of enchant weapon
 o - a scroll of fog
 t - a scroll of torment
Potions
 k - 2 potions of might
 v - 2 potions of curing


   Skills:
 + Level 1.1 Fighting
 + Level 1.3 Short Blades
 * Level 4.0 Staves
 + Level 3.3 Dodging
 + Level 4.7 Stealth
 + Level 9.7 Spellcasting
 + Level 8.9 Conjurations
 * Level 1.4 Translocations
 * Level 3.6 Evocations


You had 2 spell levels left.
You knew the following spells:

 Your Spells              Type           Power      Damage    Failure   Level
a - Magic Dart            Conj           100%       1d8       1%          1
b - Searing Ray           Conj           100%       3d7       1%          2
c - Fulminant Prism       Conj/Hex       27%        3d14      7%          4
d - Iskenderun's Mystic   Conj/Tloc      58%        2d12      5%          4
e - Stone Arrow           Conj/Erth      100%       3d13      2%          3
f - Passwall              Tmut/Erth      10%        N/A       7%          2
g - Petrify               Tmut/Erth      13%        N/A       41%         4
h - Lee's Rapid Deconstr  Erth           6%         3d7*      77%         5

Your spell library contained the following spells:

 Spells                   Type           Power      Damage    Failure   Level
 Sandblast                Erth           26%        2d8       4%          1
 Dazzling Flash           Conj/Hex       100%       N/A       2%          3


Dungeon Overview and Level Annotations

Branches:
Dungeon (6/15)             Temple (1/1) D:6

Altars:
Cheibriados
Dithmenos
Elyvilon
Fedhas
Gozag
Hepliaklqana
Kikubaaqudgha
Makhleb
Nemelex Xobeh
Okawaru
Qazlal
Ru
Sif Muna
Trog
Uskayaw
Vehumet
Wu Jian
Xom
Yredelemnul
Zin
The Shining One


Message History

Press: ? - help, Shift-Dir - straight line, f/p - adder
Aim: an adder (severely wounded, 72% to hit)
You feel a surge of power!
The searing ray hits the adder!
You kill the adder!
Sif Muna accepts your kill. (Press . to maintain the ray.)
Things that are here:
a +0 dagger; a +0 robe; an orc corpse A centaur comes into view.
The centaur shouts!
The centaur wields a +0 shortbow.
The centaur shoots an arrow.
The arrow hits you.
The centaur shoots an arrow.
The arrow barely misses you.
The centaur shoots an arrow.
The arrow hits you.
Casting: Searing Ray (safe; 1% risk of failure)
Confirm with . or Enter, or press ? or * to list all spells.
Aiming: Magic Dart (safe; 1% risk of failure)
Press: ? - help, Shift-Dir - straight line, f - centaur
Aim: a centaur, wielding a +0 shortbow and quivering arrows (100% to hit)
You feel a surge of power!
The magic dart hits the centaur.
The centaur is lightly wounded.
The centaur shoots an arrow.
The arrow hits you!
The centaur shoots an arrow.
The arrow hits you!
The centaur shoots an arrow.
The arrow hits you.
The centaur shoots an arrow.
The arrow hits you!
* * * LOW HITPOINT WARNING * * *
Things that are here:
a +0 dagger; a +0 robe; an orc corpse The centaur shoots an arrow.
The arrow hits you.
* * * LOW HITPOINT WARNING * * *
You start resting.
A centaur is nearby!
Casting: Magic Dart (safe; 1% risk of failure)
Confirm with . or Enter, or press ? or * to list all spells.
Aiming: Searing Ray (safe; 1% risk of failure)
Press: ? - help, Shift-Dir - straight line, f/p - centaur
Aim: a centaur, wielding a +0 shortbow and quivering arrows (90% to hit)
You feel a surge of power!
The searing ray misses the centaur. (Press . to maintain the ray.)
The centaur shoots an arrow.
The arrow hits you!
You die...

#...#........ #.o.c.......
#.#.#.....#.. ....
#h#.....#.####...
.##.....+........ #.
#.....#........ ?#
#)#...#.#...... #### #######
#####c#...#........
...###.....#####@..##............
.....+....>.......)..............
...###...........#.##...........#
.................#)##...#.#.....#
.................#.##...#.....#(.
.........#####...#.#............#
.........# #...#.#.............
.........# #...#.#.............
.......### #......#...#####....


You could see a centaur.

Vanquished Creatures
  Prince Ribbit (D:5)
  Menkaure (D:4)
  A water moccasin (D:5)
  A black bear (D:5)
  2 orc warriors (D:6)
  An ogre (D:6)
  A centaur (D:5)
  A phantom (D:5)
  A kobold brigand (D:4)
  3 scorpions
  A howler monkey (D:6)
  2 centaur zombies (D:6)
  A bullfrog zombie (D:5)
  A bullfrog skeleton (D:6)
  4 hounds
  3 orc priests (D:6)
  A gnoll shaman (D:6)
  Natasha (thrice) (D:3)
  4 iguanas
  Terence (D:3)
  2 orc wizards
  Ijyb (D:4)
  8 gnolls
  8 adders
  A white imp (D:6)
  4 worms
  A dart slug (D:2)
  14 orcs
  7 ball pythons
  9 bats
  10 endoplasms
  4 giant cockroaches
  12 goblins
  6 hobgoblins
  8 jackals
  7 kobolds
  5 quokkas
  A frilled lizard (D:1)
  6 rats
148 creatures vanquished.

Vanquished Creatures (others)
  2 plants (D:3)
2 creatures vanquished.

Grand Total: 150 creatures vanquished

Notes
Turn   | Place    | Note
-------+----------+-------------------------------------------
     0 | D:1      | derath95 the Deep Elf Conjurer began the quest for the Orb.
     0 | D:1      | Reached XP level 1. HP: 10/10 MP: 6/6
   446 | D:1      | Reached XP level 2. HP: 15/15 MP: 6/8
   654 | D:1      | Reached skill level 5 in Conjurations
   744 | D:1      | Found a faded altar of an unknown god.
  1225 | D:2      | Reached XP level 3. HP: 19/19 MP: 5/9
  1832 | D:2      | Reached XP level 4. HP: 11/24 MP: 4/11
  2288 | D:3      | Noticed Terence
  2294 | D:2      | Learned a level 2 spell: Searing Ray
  2299 | D:2      | Learned a level 4 spell: Fulminant Prism
  2308 | D:3      | Killed Terence
  2309 | D:3      | Reached skill level 4 in Spellcasting
  3139 | D:3      | Noticed Natasha
  3143 | D:3      | Killed Natasha
  3144 | D:3      | Reached XP level 5. HP: 22/28 MP: 9/14
  3151 | D:3      | Noticed Natasha
  3156 | D:3      | Killed Natasha
  3166 | D:3      | Noticed Natasha
  3172 | D:3      | Killed Natasha
  3173 | D:3      | Reached skill level 5 in Spellcasting
  3511 | D:4      | Reached skill level 1 in Short Blades
  3517 | D:4      | Noticed Ijyb
  3522 | D:4      | Killed Ijyb
  3523 | D:4      | Reached XP level 6. HP: 32/32 MP: 6/16
  3713 | D:4      | Noticed Menkaure
  3717 | D:4      | Killed Menkaure
  3718 | D:4      | Reached skill level 6 in Spellcasting
  4020 | D:4      | Reached XP level 7. HP: 37/37 MP: 15/18
  4067 | D:4      | Found a sparkling altar of Nemelex Xobeh.
  4067 | D:4      | Found a sacrificial altar of Ru.
  4067 | D:4      | Found a blossoming altar of Fedhas.
  4067 | D:4      | Found a shimmering altar of Xom.
  4787 | D:5      | Entered Level 5 of the Dungeon
  4858 | D:5      | Reached skill level 7 in Spellcasting
  4903 | D:5      | Reached skill level 1 in Staves
  4965 | D:5      | Reached skill level 1 in Fighting
  4965 | D:5      | Reached skill level 1 in Evocations
  4997 | D:5      | Learned a level 4 spell: Iskenderun's Mystic Blast
  5148 | D:5      | Reached XP level 8. HP: 43/43 MP: 16/21
  5220 | D:5      | Noticed Prince Ribbit
  5229 | D:5      | Killed Prince Ribbit
  5230 | D:5      | Reached skill level 8 in Spellcasting
  5660 | D:5      | Found a white marble altar of Elyvilon.
  6160 | D:6      | Reached skill level 9 in Spellcasting
  6266 | D:6      | Reached XP level 9. HP: 35/47 MP: 13/24
  6468 | D:6      | Found a staircase to the Ecumenical Temple.
  6500 | Temple   | Entered the Ecumenical Temple
  6577 | Temple   | Became a worshipper of Sif Muna the Loreminder
  6671 | D:6      | Learned a level 3 spell: Stone Arrow
  6674 | D:6      | Learned a level 2 spell: Passwall
  6679 | D:6      | Learned a level 4 spell: Petrify
  6685 | D:6      | Learned a level 5 spell: Lee's Rapid Deconstruction
  6840 | D:6      | Found a stormy altar of Qazlal.
  6910 | D:6      | Reached skill level 1 in Translocations
  6955 | D:6      | Shot with an arrow by a centaur

Illustrated notes

Levels and vault maps discovered:
D:1:      matt_arrival_diagonals, layout_basic, basic_ecumenical_altar
D:2:      kennysheep_six_static_rooms, layout_basic, minmay_between
D:3:      layout_rooms, guppyfry_early_lair_pool, uniq_natasha, uniq_terence
D:4:      layout_cave_pods, grunt_temple_overflow_cloverleaf,
          portal_sewer_entry_f, uniq_menkaure, uniq_ijyb
D:5:      layout_basic, elyvilon_altar_3, uniq_prince_ribbit1
D:6:      layout_basic, marbit_many_paths, minmay_temple_entry_antechambers,
          minmay_increasing_density
Temple:   regret_index_temple_waves

Skill      XL: |  1  2  3  4  5  6  7  8  9 |
---------------+----------------------------+-----
Conjurations   | 5 6 7 8 |  8.9
Spellcasting   | 4 5 6 7 9 |  9.7
Stealth        | 3 4 |  4.7
Short Blades   | 1 |  1.3
Dodging        | 3 |  3.3
Staves         | 2 3 4 |  4.0
Fighting       | 1 |  1.1
Evocations     | 1 3 |  3.6
Translocations | 1 |  1.4

Action                   |  1- 3 |  4- 6 |  7- 9 || total
-------------------------+-------+-------+-------++-------
Melee: Short sword       |     8 |       |       ||     8
       Staff             |       |     8 |       ||     8
 Cast: Magic Dart        |    90 |    74 |   113 ||   277
       Searing Ray       |       |    11 |    38 ||    49
  Use: Scroll            |       |       |    12 ||    12
       Potion            |       |       |     7 ||     7
Armor: Robe              |     1 |     4 |    10 ||    15
Dodge: Dodged            |     3 |    12 |    18 ||    33

Table legend: (Time is in decaauts)
 A = Elapsed time spent in this place.
 B = Non-inter-level travel time spent in this place.
 C = Inter-level travel time spent in this place.
 D = Time resting spent in this place.
 E = Time spent auto-exploring this place.
 F = Levels seen in this place.
 G = Mean time per level.
                   A        B        C        D        E       F      G
               +--------+--------+--------+--------+--------+-----+--------+
         Total |   6961 |   6892 |     69 |   1039 |   4436 |   7 |  994.4 |
       Dungeon |   6826 |   6810 |     16 |   1039 |   4363 |   6 | 1137.7 |
        Temple |    134 |     81 |     53 |      0 |     73 |   1 |  134.0 |
               +--------+--------+--------+--------+--------+-----+--------+

Top non-repeatable levels by time:
     D:2: 1368 daAuts
     D:4: 1266 daAuts
     D:5: 1206 daAuts
     D:1: 1195 daAuts
     D:3: 958 daAuts
     D:6: 831 daAuts
  Temple: 134 daAuts
